 Dungeon Crawl Stone Soup version 0.31-a0-83-gbff143cfd1 (webtiles) character file.

Game seed: 18060454884442897434

93 greasedhog the Sneak (level 4, 21/21 HPs)
             Began as a Felid Fighter on May 25, 2023.
             Quit the game on level 4 of the Dungeon.
             The game lasted 00:06:33 (3948 turns).

greasedhog the Sneak (Felid Fighter)                Turns: 3948, Time: 00:06:33

Health: 21/21      AC:  1    Str: 14    XL:     4   Next: 36%
Magic:  5/5        EV: 18    Int: 10    God:
Gold:   158        SH:  0    Dex: 15    Spells: 3/3 levels left
                                        Lives:  0   Deaths: 1

rFire   . .          .
                       - Unarmed
rCold   . . .        (shield unavailable)
rNeg    . . .        (body armour unavailable)
rPois   .            (helmet unavailable)
rElec   .            (cloak unavailable)
rCorr   .            (gloves unavailable)
SInv    +            (boots unavailable)
Will    .....        l - amulet of regeneration
Stlth   +++          (no ring)
HPRegen 1.03/turn    (no ring)
MPRegen 0.09/turn

%: no passive effects
@: quick
A: very small, claws 1, fangs 3, see invisible, speed 1, shaggy fur 1, stealthy
paws, no weapons or thrown items, no armour, multi-lived
a: no special abilities


You were on level 4 of the Dungeon.
You visited 1 branch of the dungeon, and saw 5 of its levels.

You collected 158 gold pieces.

Inventory:

Jewellery
 l - an amulet of regeneration (around neck)
Wands
 m - a wand of flame (12)
Scrolls
 b - a scroll of teleportation
 d - 2 scrolls of immolation {unknown}
 f - 2 scrolls of blinking {unknown}
 j - a scroll of identify
Potions
 a - 2 potions of might
 c - 2 potions of lignification {unknown}
 e - a potion of invisibility {unknown}
 g - a potion of cancellation {unknown}
 h - 2 potions of enlightenment
 i - a potion of berserk rage {unknown}
 k - a potion of resistance {unknown}
 n - a potion of curing {unknown}


   Skills:
 + Level 3.0 Fighting
 - Level 4.0 Dodging
 * Level 6.0 Stealth
 - Level 5.0 Unarmed Combat


You had 3 spell levels left.
You didn't know any spells.
Your spell library was empty.

Dungeon Overview and Level Annotations

Branches:
Dungeon (5/15)
 Temple: D:4-7

Altars:
Cheibriados

Annotations:
D:5 Edmund, Grinder, Ijyb


Innate Abilities, Weirdness & Mutations

You have sharp claws.
You have razor-sharp teeth.
You have supernaturally acute eyesight. (SInv)
You cover ground quickly. (Speed+)
You are covered in fur. (AC +1)
Your paws help you pounce on unaware monsters.
You are incapable of wielding weapons or throwing items.
You cannot wear armour.
You gain extra lives every three experience levels.


Message History

The puff of flame hits the scorpion but does no damage.
You feel sick. The scorpion misses you. The scorpion stings you!
* * * LOW HITPOINT WARNING * * *
Unknown command.
Aiming: Throw Flame
Press: ? - help, Shift-Dir - straight line, f/p - scorpion
Aim: a scorpion (68% to hit)
The puff of flame misses the scorpion.
You feel sick. The scorpion misses you.
Unknown command.
Aiming: Throw Flame
Press: ? - help, Shift-Dir - straight line, f/p - scorpion
Aim: a scorpion (68% to hit)
The puff of flame hits the scorpion.
The scorpion is moderately wounded.
You feel sick. The scorpion stings you.
* * * LOW HITPOINT WARNING * * *
Aiming: Throw Flame
Press: ? - help, Shift-Dir - straight line, f/p - scorpion
Aim: a scorpion (moderately wounded, 68% to hit)
The puff of flame misses the scorpion.
You feel sick. The scorpion barely misses you.
Unknown command.
Aiming: Throw Flame
Press: ? - help, Shift-Dir - straight line, f/p - scorpion
Aim: a scorpion (moderately wounded, 68% to hit)
The puff of flame hits the scorpion.
The scorpion is heavily wounded.
You feel sick. The scorpion misses you.
Unknown command.
Aiming: Throw Flame
Press: ? - help, Shift-Dir - straight line, f/p - scorpion
Aim: a scorpion (heavily wounded, 68% to hit)
The puff of flame hits the scorpion.
The scorpion is severely wounded.
You feel sick. The scorpion stings you.
You die...
The scorpion misses you.
You are now level 4!
You rejoin the land of the living...
Are you sure you want to abandon this character and quit the game? (Confirm with "yes".)

#.######### #.. #^........# #..
#########.# ### #....#.# #.
###.##.#.# #. #<#[##.#.# #.
#.#.##<#.# #. #.#.####.###### #.
#........#.@..# #.
#####.#.##......#.# #.
#.....#..#.###..#.# #.
#.###.#.##.###..#.#############.
#.# #.#.........#......[........
#.# #.####.####.################
#.# #.####......................
#.# #.......###.################
#.#########.# #.#...............


There were no monsters in sight!

Vanquished Creatures
  An iguana (D:4)
  3 gnolls
  3 adders
  An ufetubus (D:4)
  2 worms
  4 dart slugs
  An orc (D:3)
  4 endoplasms
  2 giant cockroaches
  6 goblins
  4 hobgoblins
  5 jackals
  13 kobolds
  6 quokkas
  10 ball pythons
  6 bats
  3 frilled lizards
  11 rats
85 creatures vanquished.

Notes
Turn   | Place    | Note
-------+----------+-------------------------------------------
     0 | D:1      | greasedhog the Felid Fighter began the quest for the Orb.
     0 | D:1      | Reached XP level 1. HP: 10/10 MP: 2/2
    57 | D:1      | Reached skill level 1 in Stealth
   161 | D:1      | Reached skill level 2 in Stealth
   161 | D:1      | Reached XP level 2. HP: 14/14 MP: 3/3
   379 | D:1      | Reached skill level 3 in Stealth
   517 | D:1      | Reached XP level 3. HP: 17/17 MP: 4/4
  1025 | D:2      | Reached skill level 4 in Stealth
  1180 | D:2      | Reached XP level 4. HP: 16/21 MP: 5/5
  1665 | D:2      | Reached skill level 5 in Stealth
  2796 | D:4      | Reached XP level 5. HP: 24/24 MP: 6/6
  2813 | D:4      | Found a snail-covered altar of Cheibriados.
  3557 | D:4      | Reached skill level 6 in Stealth
  3557 | D:4      | Reached skill level 5 in Unarmed Combat
  3685 | D:5      | Entered Level 5 of the Dungeon
  3685 | D:5      | Noticed Ijyb
  3690 | D:5      | Noticed Edmund
  3691 | D:5      | Noticed Grinder
  3947 | D:4      | Slain by a scorpion
  3948 | D:4      | Reached XP level 4. HP: -2/21 MP: 5/5
  3948 | D:4      | Quit the game

Illustrated notes

Levels and vault maps discovered:
D:1:      denvon_arrival_waterhouse, layout_loops_ring
D:2:      layout_loops_ring
D:3:      layout_basic, chequers_serial_rivers_small_b, minmay_cut_off
D:4:      layout_basic, general_overflow_altar
D:5:      layout_cave_pools, minmay_temple_entry_fiery, uniq_edmund, uniq_ijyb,
          uniq_grinder

Skill      XL: |  1  2  3  4  5 |
---------------+----------------+-----
Stealth        | 2 3 4 5 6 |  6.0
Unarmed Combat | 5 |  5.0
Fighting       | |  3.0
Dodging        | |  4.0

Action                     |  1- 3 |  4- 6 || total
---------------------------+-------+-------++-------
  Melee: Unarmed           |   102 |   102 ||   204
         Bite              |     8 |     6 ||    14
         Punch             |     3 |     4 ||     7
  Evoke: Wand              |       |    13 ||    13
    Use: Scroll            |     4 |       ||     4
   Stab: Sleeping          |    11 |     7 ||    18
 Armour: Skin              |     1 |     2 ||     3
  Dodge: Dodged            |    70 |    75 ||   145

Table legend: (Time is in decaauts)
 A = Elapsed time spent in this place.
 B = Non-inter-level travel time spent in this place.
 C = Inter-level travel time spent in this place.
 D = Time resting spent in this place.
 E = Time spent auto-exploring this place.
 F = Levels seen in this place.
 G = Mean time per level.
                   A        B        C        D        E       F      G
               +--------+--------+--------+--------+--------+-----+--------+
         Total |   3273 |   3046 |    227 |    229 |   2204 |   5 |  654.6 |
       Dungeon |   3273 |   3046 |    227 |    229 |   2204 |   5 |  654.6 |
               +--------+--------+--------+--------+--------+-----+--------+

Top non-repeatable levels by time:
     D:4: 1017 daAuts
     D:1: 819 daAuts
     D:3: 756 daAuts
     D:2: 670 daAuts
     D:5: 9 daAuts
